 Dungeon Crawl Stone Soup version 0.27.1-3-gb3d3a73c9e (webtiles) character file.

Game seed: 1721053344140147047

3170 saltiestKirin the Gouger (level 9, -5/40 HPs)
             Began as a Felid Berserker on Oct 25, 2021.
             Was an Elder of Trog.
             Killed by divine providence
             ... invoked by an orc priest
              (16 damage)
             ... on level 8 of the Dungeon.
             The game lasted 00:45:11 (8681 turns).

saltiestKirin the Gouger (Felid Berserker)          Turns: 8681, Time: 00:45:11

Health: -5/40      AC:  2    Str: 16    XL:     9   Next: 63%
Magic:  10/10      EV: 24    Int:  8    God:    Trog [****..]
Gold:   366        SH:  5    Dex: 22    Spells: 8/8 levels left
                                        Lives:  0   Deaths: 2

rFire    + . .     SeeInvis +     - Unarmed
rCold    x . .     Faith    .   (shield unavailable)
rNeg     . . .     Spirit   .   (armour unavailable)
rPois    .         Reflect  +   (helmet unavailable)
rElec    .         Harm     .   (cloak unavailable)
rCorr    .         Rampage  .   (gloves unavailable)
Will     +++..                  (boots unavailable)
Stlth    +++++.....             o - amulet of reflection
HPRegen  1.13/turn              b - ring of fire
MPRegen  0.12/turn              l - +6 ring of dexterity

@: strong-willed, on berserk cooldown, regenerating, slowed, slow
A: very small, claws 1, fangs 3, see invisible, speed 1, shaggy fur 2, stealthy
paws, no weapons or thrown items, no armour, multi-lived
a: Renounce Religion, Berserk, Trog's Hand, Brothers in Arms


You were on level 8 of the Dungeon.
You worshipped Trog.
Trog was greatly pleased with you.
You visited 2 branches of the dungeon, and saw 9 of its levels.

You collected 366 gold pieces.

Inventory:

Hand Weapons
 f - a +1 dagger of speed
 i - a +3 dagger of speed
 k - a +1 whip of freezing
 r - a +5 dire flail
 s - a +2 short sword of freezing
 t - a +0 spear of flaming
 w - a +1 broad axe of distortion
 y - a +2 hand axe of holy wrath
 A - a +3 rapier
 D - a +1 dagger of venom
Armour
 z - the +4 ring mail "Anelaiph" {rPois rC+ Str-2 Int+2}
   (You found it on level 7 of the Dungeon)

   Str:       It affects your strength (-2).
   Int:       It affects your intelligence (+2).
   rC:        It protects you from cold.
   rPois:     It protects you from poison.
Jewellery
 b - a ring of fire (left paw)
 l - a +6 ring of dexterity (right paw)
 n - a ring of fire
 o - an amulet of reflection (around neck)
Wands
 h - a wand of polymorph (7)
 v - a wand of flame (19)
Scrolls
 a - 3 scrolls of fear
 c - 2 scrolls of vulnerability
 d - a scroll of summoning {unknown}
 e - 2 scrolls of magic mapping
 g - 3 scrolls of amnesia
 j - a scroll of fog
 m - 2 scrolls of blinking
 q - a scroll of acquirement {unknown}
 x - a scroll of brand weapon
 B - a scroll of identify
 C - a scroll of teleportation
Potions
 p - 2 potions of flight
 u - a potion of might


   Skills:
 + Level 4.8 Fighting
 + Level 8.6 Dodging
 + Level 9.7 Stealth
 + Level 11.6 Unarmed Combat


You had 8 spell levels left.
You didn't know any spells.
Your spell library was empty.

Dungeon Overview and Level Annotations

Branches:
Dungeon (8/15)             Temple (1/1) D:5            Lair (0/6) D:8

Altars:
Ashenzari
Cheibriados
Dithmenos
Elyvilon
Fedhas
Gozag
Hepliaklqana
Kikubaaqudgha
Makhleb
Nemelex Xobeh
Okawaru
Qazlal
Ru
Sif Muna
Trog
Uskayaw
Vehumet
Wu Jian
Xom
Yredelemnul
Zin
The Shining One

Shops:
D:5 =((:!   D:8 [*(


Innate Abilities, Weirdness & Mutations

You have sharp claws.
You have razor-sharp teeth.
You have supernaturally acute eyesight. (SInv)
You cover ground quickly. (Speed+)
You are covered in thick fur. (AC +2)
Your paws help you pounce on unaware monsters.
You are incapable of wielding weapons or throwing items.
You cannot wear armour.
You gain extra lives every three experience levels.


Message History

The orc priest closely misses you.
You claw the orc priest!
You kill the orc priest!
Trog accepts your kill.
Things that are here:
a +1 dagger of venom; 10 gold pieces; an orc corpse You claw the orc!
You feel the power of Trog in you as your rage grows.
You kill the orc!
Trog accepts your kill.
D - a +1 dagger of venom You now have 366 gold pieces (gained 10).
You feel a strong urge to attack something.
The orc priest shouts!
Things that are here:
a +0 mace; 18 gold pieces You claw the orc wizard!
The orc wizard is almost dead.
You barely miss the orc wizard.
You claw the orc wizard, but do no damage.
The orc wizard is almost dead.
The orc wizard hits you with a +0 dagger.
* * * LOW HITPOINT WARNING * * *
You scratch the orc wizard but do no damage.
The orc wizard is almost dead.
You mangle the orc wizard!!
You kill the orc wizard!
Trog accepts your kill.
Trog appreciates your killing of a magic user.
Things that are here:
a +0 dagger; a +0 robe You feel a strong urge to attack something.
You are no longer berserk.
You are exhausted.
You feel yourself slow down. The orc priest completely misses you.
You claw the orc priest!
The orc priest is severely wounded.
The orc priest mumbles some strange prayers to Beogh against you.
Beogh smites you!
You die...

.....#.#.# #..#
.###.#.#.# #..# .#
....... #..#
.###........ #..#
...#........ #..#
.......(.....#####..#
oP..............)†..#
........##########)##
........#......o@).#
o.#............#####
..#.....#.####.#
..#..o..o....#.##
..#..o..........#
..#.............#
........#.......#
...#............###
...######.........#


You could see an orc priest.

Vanquished Creatures
  Pikel (D:5)
  Maggie (D:7)
  Grinder (D:3)
  A troll (D:8)
  Sigmund (D:4)
  3 wyverns (D:8)
  Menkaure (D:4)
  5 water moccasins
  Duvessa (D:7)
  3 orc warriors
  A hornet zombie (D:7)
  A black bear (D:6)
  A centaur (D:5)
  A phantom (D:6)
  Blork the orc (D:5)
  2 gnoll sergeants
  2 bullfrogs
  A scorpion (D:2)
  Dowan (D:7)
  5 wights (D:6)
  4 howler monkeys
  A bullfrog zombie (D:5)
  A jelly (D:7)
  4 orc priests
  A centaur zombie (D:7)
  2 hounds
  2 bullfrog skeletons
  Ijyb (D:4)
  2 iguanas
  Natasha (D:4)
  6 orc wizards
  Robin (D:4)
  7 gnolls
  A howler monkey skeleton (D:5)
  5 adders
  3 ufetubi
  An adder skeleton (D:4)
  3 worms (D:2)
  3 dart slugs
  19 orcs
  5 ball pythons
  4 bats
  7 endoplasms
  3 giant cockroaches
  11 goblins
  6 hobgoblins
  4 jackals (D:2)
  9 kobolds
  6 quokkas
  5 frilled lizards
  5 rats
167 creatures vanquished.

Vanquished Creatures (collateral kills)
  A scorpion (D:8)
1 creature vanquished.

Vanquished Creatures (others)
  7 fungi (D:8)
  13 plants (D:8)
20 creatures vanquished.

Grand Total: 188 creatures vanquished

Notes
Turn   | Place    | Note
-------+----------+-------------------------------------------
     0 | D:1      | saltiestKirin the Felid Berserker began the quest for the
                  | Orb.
     0 | D:1      | Reached XP level 1. HP: 10/10 MP: 2/2
   314 | D:1      | Reached XP level 2. HP: 14/14 MP: 3/3
   643 | D:1      | Found a faded altar of an unknown god.
  1074 | D:1      | Reached XP level 3. HP: 10/17 MP: 4/4
  1470 | D:2      | Reached ** piety under Trog
  1519 | D:2      | Noticed a scorpion
  1531 | D:2      | Killed a scorpion
  1532 | D:2      | Reached skill level 5 in Dodging
  1532 | D:2      | Reached skill level 4 in Unarmed Combat
  1532 | D:2      | Reached XP level 4. HP: 22/22 MP: 5/5
  2199 | D:2      | Reached skill level 1 in Stealth
  2368 | D:2      | Reached XP level 5. HP: 25/25 MP: 6/6
  2695 | D:3      | Noticed Grinder
  2733 | D:3      | Killed from afar by Grinder
  2734 | D:3      | Reached XP level 4. HP: -1/22 MP: 5/5
  2734 | D:3      | Found a bloodstained altar of Trog.
  3108 | D:3      | Paralysed by Grinder for 2 turns
  3112 | D:3      | Killed Grinder
  3113 | D:3      | Reached skill level 5 in Unarmed Combat
  3113 | D:3      | Reached XP level 5. HP: 25/25 MP: 6/6
  3113 | D:3      | Gained mutation: You are covered in thick fur. (AC +2)
                  | [Felid growth]
  3113 | D:3      | Reached XP level 6. HP: 28/28 MP: 7/7
  3592 | D:4      | Noticed Robin
  3595 | D:4      | Killed Robin
  3603 | D:4      | Reached *** piety under Trog
  3648 | D:4      | Noticed Ijyb
  3650 | D:4      | Killed Ijyb
  3685 | D:4      | Noticed Menkaure
  3693 | D:4      | Killed Menkaure
  3694 | D:4      | Reached skill level 6 in Unarmed Combat
  3917 | D:4      | Noticed Natasha
  3923 | D:4      | Killed Natasha
  3968 | D:4      | Reached XP level 7. HP: 32/32 MP: 8/8
  3991 | D:4      | Noticed Sigmund
  3997 | D:4      | Killed Sigmund
  4118 | D:4      | Reached skill level 7 in Unarmed Combat
  4232 | D:5      | Entered Level 5 of the Dungeon
  4264 | D:5      | Found a staircase to the Ecumenical Temple.
  4356 | D:5      | Found Hiurof's Distillery.
  4401 | D:5      | Found Rafi's Weapon Emporium.
  4437 | D:5      | Reached skill level 5 in Stealth
  4441 | D:5      | Noticed Pikel
  4458 | D:5      | Killed Pikel
  4459 | D:5      | Reached skill level 8 in Unarmed Combat
  4459 | D:5      | Reached XP level 8. HP: 4/36 MP: 9/9
  4470 | D:5      | Found Satemaxt's Jewellery Emporium.
  4609 | D:5      | Found Jalam's Weapon Shop.
  4716 | D:5      | Found a shimmering altar of Xom.
  4766 | Temple   | Entered the Ecumenical Temple
  4976 | D:5      | Noticed Blork the orc
  4997 | D:5      | Killed Blork the orc
  5089 | D:5      | Found Icla's Book Emporium.
  5488 | D:5      | Found an iron altar of Okawaru.
  5848 | D:6      | Reached skill level 9 in Unarmed Combat
  5939 | D:6      | Reached XP level 9. HP: 38/39 MP: 10/10
  6406 | D:7      | Reached skill level 10 in Unarmed Combat
  6910 | D:7      | Reached **** piety under Trog
  6948 | D:7      | Noticed Maggie
  6962 | D:7      | Killed Maggie
  7136 | D:7      | Identified the +4 ring mail "Anelaiph" {rPois rC+ Str-2
                  | Int+2}
  7166 | D:7      | Noticed Duvessa
  7167 | D:7      | Noticed Dowan
  7180 | D:7      | Killed Duvessa
  7193 | D:7      | Killed from afar by Dowan
  7194 | D:7      | Reached XP level 8. HP: -3/36 MP: 9/9
  7231 | D:7      | Killed Dowan
  7790 | D:8      | Reached skill level 11 in Unarmed Combat
  7792 | D:8      | Reached XP level 9. HP: 39/39 MP: 10/10
  7815 | D:8      | Found Voac's Weapon Shop.
  7875 | D:8      | Noticed a troll
  7883 | D:8      | Killed a troll
  8284 | D:8      | Found Lecaira's Armour Emporium.
  8288 | D:8      | Found a staircase to the Lair.
  8289 | D:8      | Found Higixapn's Assorted Antiques.
  8647 | D:8      | HP: 1/40 [orc wizard/magic dart (5)]
  8681 | D:8      | Killed from afar by an orc priest

Illustrated notes

Levels and vault maps discovered:
D:1:      dpeg_arrival_pits, layout_basic,
          shapermc_ecumenical_altar_totnotflames, minmay_misc_feat_five
D:2:      layout_basic, minivault_14
D:3:      layout_loops_ring, mainiacjoe_overflow_six_doors_small,
          grunt_decor_one_mirror, hangedman_decor_lopped, serial_bayou_lagoon_a,
          corexii_shack, kennysheep_generic_room_8, uniq_grinder
D:4:      layout_loops_ring, uniq_ijyb, uniq_robin, uniq_sigmund, uniq_menkaure,
          uniq_natasha
D:5:      layout_loops_corners, minmay_temple_entry_drinking_statues,
          serial_shops, nicolae_shop_trees, shop, shop_fountains,
          kennysheep_mini, shop, hangedman_feature_mirror, uniq_blork_the_orc,
          uniq_pikel
D:6:      layout_loops_ring, nrook_pool_corridor, minmay_misc_feat_square
D:7:      layout_basic, interstate_on_off, minivault_23, uniq_maggie,
          uniq_duvessa
D:8:      layout_basic, minmay_lair_entry_grove, serial_shops,
          nicolae_shop_overgrown_old_shop, shop, nicolae_stop_n_shop_1,
          nicolae_take_the_stairs, nicolae_shop_stone
Temple:   regret_index_temple_chain_breaker

Skill      XL: |  1  2  3  4  5  6  7  8  9 |
---------------+----------------------------+-----
Dodging        | 5 6 8 |  8.6
Unarmed Combat | 4 5 6 8 11 10 | 11.6
Stealth        | 2 3 6 8 9 |  9.7
Fighting       | 4 |  4.8

Action                   |  1- 3 |  4- 6 |  7- 9 || total
-------------------------+-------+-------+-------++-------
Melee: Unarmed           |    90 |   106 |   245 ||   441
       Bite              |    12 |     5 |    32 ||    49
       Punch             |       |       |    21 ||    21
Invok: Berserk           |     8 |    14 |    18 ||    40
       Trog's Hand       |       |       |     2 ||     2
       Brothers in Arms  |       |       |     1 ||     1
  Use: Scroll            |       |     5 |     6 ||    11
       Potion            |       |     3 |     2 ||     5
 Stab: Sleeping          |       |     8 |     9 ||    17
       Distracted        |       |       |     1 ||     1
Armor: Skin              |     7 |     2 |     6 ||    15
Dodge: Dodged            |    68 |    46 |   177 ||   291
Block: Other             |       |       |    40 ||    40
       Reflection        |       |       |     1 ||     1
